 Dungeon Crawl Stone Soup version 0.27.1-33-g824d729ab1 (webtiles) character file.

Game seed: 5872155455710331048

31 pkoi the Insei (level 3, 0/31 HPs)
             Began as a Draconian Monk on Dec 13, 2021.
             Constricted to death by a ball python (1 damage)
             ... on level 2 of the Dungeon.
             The game lasted 00:01:20 (1016 turns).

pkoi the Insei (Draconian Monk)                     Turns: 1016, Time: 00:01:21

Health: 0/31       AC:  5    Str: 13    XL:     3   Next: 7%
Magic:  3/3        EV:  9    Int: 11    God:
Gold:   47         SH:  0    Dex: 13    Spells: 2/2 levels left

rFire    . . .     SeeInvis .     - Unarmed
rCold    . . .     Faith    .   (no shield)
rNeg     . . .     Spirit   .   (armour unavailable)
rPois    .         Reflect  .   (helmet restricted)
rElec    .         Harm     .   (no cloak)
rCorr    .         Rampage  .   (no gloves)
Will     .....                  (no boots)
Stlth    ++........             (no amulet)
HPRegen  0.10/turn              (no ring)
MPRegen  0.08/turn              (no ring)

@: constricted
A: AC +5, unfitting armour, cold-blooded
a: no special abilities


You were on level 2 of the Dungeon.
You visited 1 branch of the dungeon, and saw 2 of its levels.

You collected 47 gold pieces.

Inventory:

Missiles
 a - 7 poisoned darts (quivered)
Scrolls
 d - a scroll of enchant weapon {unknown}
Potions
 b - a potion of flight {unknown}
 c - a potion of lignification {unknown}
 e - a potion of attraction {unknown}


   Skills:
 - Level 3.2 Fighting
 - Level 2.6 Dodging
 - Level 1.7 Stealth
 + Level 4.2 Unarmed Combat


You had 2 spell levels left.
You didn't know any spells.
Your spell library was empty.

Dungeon Overview and Level Annotations

Branches:
Dungeon (2/15)

Altars:


Innate Abilities, Weirdness & Mutations

Your plain brown scales are hard. (AC +5)
You cannot fit into any form of body armour.
You are cold-blooded and may be slowed by cold attacks.


Message History

The ball python hisses angrily.
The kobold hits you but does no damage.
You hit the gnoll.
The gnoll is moderately wounded.
The gnoll closely misses you. The kobold hits you with a +0 dagger.
The gnoll hits you with a +0 spear of venom.
You are poisoned.
You hit the gnoll but do no damage.
The gnoll is moderately wounded.
You feel very sick. The kobold hits you but does no damage.
The gnoll hits you from afar with a +0 halberd.
The gnoll hits you with a +0 spear of venom!
* * * LOW HITPOINT WARNING * * *
* * * LOW HITPOINT WARNING * * *
You feel very sick. The gnoll closely misses you. The ball python misses you.
The ball python barely misses you.
You feel sick.
You feel sick.
You feel sick.
You feel sick.
You feel sick.
You feel sick.
You feel sick.
You are no longer poisoned.
The kobold hits you but does no damage. The ball python completely misses you.
The ball python grabs you. The ball python constricts you.
You escape the ball python's grasp.
There is an escape hatch in the ceiling here.
The ball python barely misses you. The ball python grabs you.
You stop ascending the stairs.
The ball python constricts you.
* * * LOW HITPOINT WARNING * * *
Unknown command.
The ball python's grasp on you weakens, but your attempt to escape fails.
The ball python bites you.
* * * LOW HITPOINT WARNING * * *
The ball python constricts you.
You die...

##..#### #........# #.
#####......###..###...# .
........##.##...###.###
.## #.......##....#.##..#
..# #..........##.....>##
#.# #........#<..<#.####
#.# ###...#......##..#
###.# #....##gK..#...#.#
....####.#...ggS@.###.#.#
##..........g.##...##.#.#
....#.........###..##.#.#
...........g..#
##......##
###...........#
#..#....##
..............#
##..#....#
#####.........# ##.#....#
# #..##.##### #.##...# #
#......... #..###.#


You could see 3 gnolls, a goblin, a ball python and a kobold.

Vanquished Creatures
  A dart slug (D:1)
  3 ball pythons (D:1)
  An endoplasm (D:1)
  3 giant cockroaches
  4 goblins (D:1)
  A quokka (D:1)
  3 frilled lizards (D:1)
  5 kobolds (D:1)
  8 rats (D:1)
29 creatures vanquished.

Notes
Turn   | Place    | Note
-------+----------+-------------------------------------------
     0 | D:1      | pkoi the Draconian Monk began the quest for the Orb.
     0 | D:1      | Reached XP level 1. HP: 19/19 MP: 1/1
   155 | D:1      | Reached XP level 2. HP: 26/26 MP: 2/2
   521 | D:1      | Reached skill level 4 in Unarmed Combat
   769 | D:1      | Reached XP level 3. HP: 31/31 MP: 3/3
  1016 | D:2      | HP: 1/31 [ball python (1)]
  1016 | D:2      | Constricted to death by a ball python

Illustrated notes

Levels and vault maps discovered:
D:1:      psy_arrival_spokes, layout_basic, minivault_11
D:2:      layout_rooms, chequers_ecumenical_altar_grove, minmay_split_cup_large

Skill      XL: |  1  2 |
---------------+-------+-----
Unarmed Combat | 4 |  4.2
Fighting       | |  3.2
Dodging        | |  2.6
Stealth        | |  1.7

Action                   || total
-------------------------++-------
Melee: Unarmed           ||    79
       Tailslap          ||     7
       Punch             ||     1
 Stab: Sleeping          ||     3
       Distracted        ||     1
Armor: Skin              ||    23
Dodge: Dodged            ||    39
